 Dungeon Crawl Stone Soup version 0.31-a0-596-g831eee08f1 (webtiles) character file.

Game seed: 5221159764071351433

175 cforsyth the Charlatan (level 5, 0/41 HPs)
             Began as a Gnoll Artificer on Aug 21, 2023.
             Slain by Blork the orc
             ... wielding a +0 long sword
              (10 damage)
             ... on level 4 of the Dungeon.
             The game lasted 00:03:02 (2527 turns).

cforsyth the Charlatan (Gnoll Artificer)            Turns: 2527, Time: 00:03:02

Health: 0/41       AC:  4    Str: 11    XL:     5   Next: 55%
Magic:  7/7        EV: 12    Int: 12    God:
Gold:   177        SH:  0    Dex: 13    Spells: 7/7 levels left

rFire   . . .        m - +2 short sword (flame)
rCold   . . .        (no shield)
rNeg    . . .        b - +0 leather armour
rPois   .            (no helmet)
rElec   .            (no cloak)
rCorr   .            g - +0 pair of gloves
SInv    .            (no boots)
Will    .....        (no amulet)
Stlth   ++           p - ring of flight
HPRegen 0.26/turn    (no ring)
MPRegen 0.10/turn

%: no passive effects
@: flying
A: fangs 1, strong nose, distributed training
a: no special abilities


You were on level 4 of the Dungeon.
You visited 1 branch of the dungeon, and saw 4 of its levels.

You collected 177 gold pieces.

Inventory:

Hand Weapons
 a - a +0 club
 m - a +2 short sword of flaming (weapon)
Armour
 b - a +0 leather armour (worn)
 g - a +0 pair of gloves (worn)
Jewellery
 p - a ring of flight (left hand)
Wands
 c - a wand of flame (13) (quivered)
 d - a wand of charming (15)
 e - a wand of iceblast (5)
Scrolls
 f - 4 scrolls of identify {unknown}
 h - a scroll of fear {unknown}
 j - a scroll of enchant armour {unknown}
 k - 2 scrolls of blinking {unknown}
 n - 2 scrolls of teleportation {unknown}
 o - a scroll of amnesia {unknown}
 q - a scroll of vulnerability {unknown}
 u - a scroll of revelation {unknown}
Potions
 i - 2 potions of enlightenment {unknown}
 l - a potion of cancellation {unknown}
 r - 2 potions of degeneration {unknown}
 s - a potion of attraction {unknown}
 t - a potion of mutation {unknown}


   Skills:
 + Level 3.0 Fighting
 + Level 1.6 Short Blades
 + Level 1.6 Long Blades
 + Level 1.6 Axes
 + Level 1.6 Maces & Flails
 + Level 1.6 Polearms
 + Level 1.6 Staves
 + Level 1.6 Ranged Weapons
 + Level 1.6 Throwing
 + Level 4.8 Armour
 + Level 3.0 Dodging
 + Level 2.8 Stealth
 + Level 1.6 Shields
 + Level 1.6 Unarmed Combat
 + Level 1.6 Spellcasting
 + Level 1.2 Conjurations
 + Level 1.2 Hexes
 + Level 1.2 Summonings
 + Level 1.2 Necromancy
 + Level 1.2 Translocations
 + Level 1.2 Transmutations
 + Level 1.2 Fire Magic
 + Level 1.2 Ice Magic
 + Level 1.2 Air Magic
 + Level 1.2 Earth Magic
 + Level 1.2 Poison Magic
 + Level 1.8 Invocations
 + Level 6.7 Evocations
 + Level 1.2 Shapeshifting


You had 7 spell levels left.
You didn't know any spells.
Your spell library contained the following spells:

 Spells                   Type           Power      Damage    Failure   Level
 Cigotuvi's Dreadful Rot  Necr/Pois/Air  8%         N/A       32%         2
 Sublimation of Blood     Necr           4%         N/A       32%         2
 Ignite Poison            Fire/Tmut/Pois 4%         N/A       54%         3
 Petrify                  Tmut/Erth      4%         N/A       91%         4
 Freezing Cloud           Conj/Ice/Air   2%         6-21      99%         5
 Irradiate                Conj/Tmut      2%         3d12      99%         5


Dungeon Overview and Level Annotations

Branches:
Dungeon (4/15)
 Temple: D:4-7

Altars:
Nemelex Xobeh

Shops:
D:3 [

Annotations:
D:4 Blork the orc


Innate Abilities, Weirdness & Mutations

You have very sharp teeth.
Your uncanny sense of smell can sniff out nearby items.
Your experience applies equally to all skills.


Message History

Blork the orc shouts!
Blork the orc mumbles some strange words.
Blork the orc seems to speed up.
You completely miss Blork the orc.
Blork the orc hits you with a +0 long sword.
You barely miss Blork the orc. Blork the orc misses you.
Blork the orc hits you with a +0 long sword.
You hit Blork the orc. You burn Blork the orc.
Blork the orc is moderately wounded.
Blork the orc misses you.
You hit Blork the orc. You burn Blork the orc.
Blork the orc is heavily wounded.
Blork the orc misses you. Blork the orc closely misses you.
You closely miss Blork the orc.
Blork the orc is moderately wounded.
Blork the orc misses you.
You closely miss Blork the orc.
Blork the orc is moderately wounded.
Blork the orc hits you with a +0 long sword!
Blork the orc completely misses you.
You hit Blork the orc. You burn Blork the orc. You bite Blork the orc.
Blork the orc is heavily wounded.
Blork the orc closely misses you.
You hit Blork the orc. You burn Blork the orc.
Blork the orc is severely wounded.
Blork the orc grins evilly.
Blork the orc hits you with a +0 long sword.
You hit Blork the orc. You burn Blork the orc.
Blork the orc is severely wounded.
Blork the orc looks satisfied for a moment.
Blork the orc completely misses you.
You barely miss Blork the orc.
Blork the orc is severely wounded.
Blork the orc barely misses you.
You hit Blork the orc. You burn Blork the orc.
Blork the orc is almost dead.
Blork the orc hits you with a +0 long sword!
* * * LOW HITPOINT WARNING * * *
Blork the orc hits you with a +0 long sword!
You die...

.....##.### #...##.....#..
##8####.#######.#..+.....##+
####............## #.....#..
#.............#### ###.#'#..
#......<.........+ +.#....
#..............# #####..
#####....#....## #.'..
#..#..?...# #+#.###
.>.......@..# #.....#
.........o..# #.....'
#............... #.....#
#............###.. #+#.###
...........# #.+..
...........# ###..
.....###### #.... .....
#+#.. #..


You could see Blork the orc (fast).

Vanquished Creatures
  A scorpion (D:3)
  6 adders
  A dart slug (D:1)
  2 orcs (D:3)
  4 ball pythons
  5 endoplasms
  2 giant cockroaches
  4 goblins
  5 hobgoblins
  8 jackals (D:2)
  4 kobolds
  5 quokkas
  2 bats
  8 frilled lizards
  3 rats (D:1)
60 creatures vanquished.

Notes
Turn   | Place    | Note
-------+----------+-------------------------------------------
     0 | D:1      | cforsyth the Gnoll Artificer began the quest for the Orb.
     0 | D:1      | Reached XP level 1. HP: 17/17 MP: 1/1
   240 | D:1      | Reached XP level 2. HP: 18/23 MP: 2/2
   987 | D:2      | Reached XP level 3. HP: 11/28 MP: 3/3
  1336 | D:2      | Reached skill level 1 in Invocations
  1429 | D:2      | Reached skill level 1 in Short Blades
  1429 | D:2      | Reached skill level 1 in Long Blades
  1429 | D:2      | Reached skill level 1 in Axes
  1429 | D:2      | Reached skill level 1 in Maces & Flails
  1429 | D:2      | Reached skill level 1 in Polearms
  1429 | D:2      | Reached skill level 1 in Staves
  1429 | D:2      | Reached skill level 1 in Ranged Weapons
  1429 | D:2      | Reached skill level 1 in Throwing
  1429 | D:2      | Reached skill level 1 in Shields
  1429 | D:2      | Reached skill level 1 in Unarmed Combat
  1429 | D:2      | Reached skill level 1 in Spellcasting
  1524 | D:3      | Reached XP level 4. HP: 34/34 MP: 5/5
  1528 | D:3      | Noticed a scorpion
  1535 | D:3      | Killed a scorpion
  1536 | D:3      | Reached skill level 1 in Conjurations
  1536 | D:3      | Reached skill level 1 in Hexes
  1536 | D:3      | Reached skill level 1 in Summonings
  1536 | D:3      | Reached skill level 1 in Necromancy
  1536 | D:3      | Reached skill level 1 in Translocations
  1536 | D:3      | Reached skill level 1 in Transmutations
  1536 | D:3      | Reached skill level 1 in Fire Magic
  1536 | D:3      | Reached skill level 1 in Ice Magic
  1536 | D:3      | Reached skill level 1 in Air Magic
  1536 | D:3      | Reached skill level 1 in Earth Magic
  1536 | D:3      | Reached skill level 1 in Poison Magic
  1536 | D:3      | Reached skill level 1 in Shapeshifting
  1536 | D:3      | Reached XP level 5. HP: 25/40 MP: 5/7
  1684 | D:3      | Found a faded altar of an unknown god.
  1920 | D:3      | Found Tijodyt's Armour Emporium.
  2383 | D:4      | Found a sparkling altar of Nemelex Xobeh.
  2513 | D:4      | Noticed Blork the orc
  2527 | D:4      | Slain by Blork the orc

Illustrated notes

Levels and vault maps discovered:
D:1:      lightli_arrival_boilingwater, layout_basic
D:2:      layout_rooms
D:3:      layout_basic, shapermc_ecumenical_altar_mp_highgroup, serial_shops,
          nicolae_diamond_shop, minmay_misc_feat_rows, minmay_strange_pillars
D:4:      nicolae_cairo_tiling_large, layout_rooms,
          nicolae_overflow_crystal_walls, mainiacjoe_overflow_divided_tiny,
          serial_corexii_hall, chequers_hall_statues_y, corexii_hall_statues_s,
          uniq_blork_the_orc

Skill      XL: |  1  2  3  4  5 |
---------------+----------------+-----
Invocations    | 1 |  1.8
Short Blades   | 1 |  1.6
Long Blades    | 1 |  1.6
Axes           | 1 |  1.6
Maces & Flails | 1 |  1.6
Polearms       | 1 |  1.6
Staves         | 1 |  1.6
Ranged Weapons | 1 |  1.6
Throwing       | 1 |  1.6
Shields        | 1 |  1.6
Unarmed Combat | 1 |  1.6
Spellcasting   | 1 |  1.6
Conjurations   | 1 |  1.2
Hexes          | 1 |  1.2
Summonings     | 1 |  1.2
Necromancy     | 1 |  1.2
Translocations | 1 |  1.2
Transmutations | 1 |  1.2
Fire Magic     | 1 |  1.2
Ice Magic      | 1 |  1.2
Air Magic      | 1 |  1.2
Earth Magic    | 1 |  1.2
Poison Magic   | 1 |  1.2
Shapeshifting  | 1 |  1.2
Fighting       | 3 |  3.0
Dodging        | 3 |  3.0
Armour         | |  4.8
Stealth        | |  2.8
Evocations     | |  6.7

Action                     |  1- 3 |  4- 6 || total
---------------------------+-------+-------++-------
  Melee: Club              |    58 |       ||    58
         Bite              |    11 |     5 ||    16
         Short sword       |    71 |    75 ||   146
         Punch             |       |     1 ||     1
  Evoke: Wand              |       |     2 ||     2
   Stab: Sleeping          |     2 |     2 ||     4
 Armour: Leather armour    |    52 |    15 ||    67
  Dodge: Dodged            |   100 |    54 ||   154

Table legend: (Time is in decaauts)
 A = Elapsed time spent in this place.
 B = Non-inter-level travel time spent in this place.
 C = Inter-level travel time spent in this place.
 D = Time resting spent in this place.
 E = Time spent auto-exploring this place.
 F = Levels seen in this place.
 G = Mean time per level.
                   A        B        C        D        E       F      G
               +--------+--------+--------+--------+--------+-----+--------+
         Total |   2543 |   2465 |     78 |     53 |   1957 |   4 |  635.8 |
       Dungeon |   2543 |   2465 |     78 |     53 |   1957 |   4 |  635.8 |
               +--------+--------+--------+--------+--------+-----+--------+

Top non-repeatable levels by time:
     D:1: 1023 daAuts
     D:3: 790 daAuts
     D:2: 518 daAuts
     D:4: 210 daAuts
